 Dungeon Crawl Stone Soup version 0.30-a0-1157-g2cc9ac7196 (webtiles) character file.

Game seed: 7417946505677400367

29 ytrimaz the Shield-Bearer (level 3, 29/29 HPs)
             Began as a Demonspawn Fighter on Apr 24, 2023.
             Quit the game on level 1 of the Dungeon.
             The game lasted 00:00:43 (413 turns).

ytrimaz the Shield-Bearer (Demonspawn Fighter)       Turns: 413, Time: 00:00:43

Health: 29/29      AC:  6    Str: 16    XL:     3   Next: 1%
Magic:  3/3        EV:  8    Int:  9    God:
Gold:   4          SH:  5    Dex: 14    Spells: 2/2 levels left

rFire   . . .        a - +0 long sword
rCold   . . .        c - +0 buckler
rNeg    . . .        b - +0 scale mail
rPois   .            (no helmet)
rElec   .            (no cloak)
rCorr   .            (no gloves)
SInv    .            (no boots)
Will    .....        f - amulet of regeneration Stlth
                     (no ring)
HPRegen 1.04/turn    (no ring)
MPRegen 0.08/turn

%: no passive effects
@: no status effects
A: claws 1, powered by death 1
a: no special abilities


You were on level 1 of the Dungeon.
You visited 1 branch of the dungeon, and saw 1 of its levels.

You collected 4 gold pieces.


Innate Abilities, Weirdness & Mutations

You have sharp fingernails.
You regenerate a little health from kills.


   Skills:
 - Level 3.0 Fighting
 + Level 2.3 Long Blades
 - Level 2.6 Armour
 * Level 3.5 Shields


You had 2 spell levels left.
You didn't know any spells.
Your spell library contained the following spells:

 Spells                   Type           Power      Damage    Failure   Level
 Magic Dart               Conj           0%         1d3       88%         1
 Searing Ray              Conj           0%         2d4       96%         2
 Fulminant Prism          Conj/Hex       0%         3d5       100%        4

Inventory:

Hand Weapons
 a - a +0 long sword (weapon)
Armour
 b - a +0 scale mail (worn)
 c - a +0 buckler (worn)
Jewellery
 f - an amulet of regeneration (around neck)
   (You found it on level 1 of the Dungeon)
Scrolls
 g - a scroll of enchant weapon {unknown}
 i - a scroll of poison {unknown}
 j - a scroll of vulnerability {unknown}
 l - a scroll of identify {unknown}
Potions
 d - a potion of might
 e - 2 potions of curing {unknown}
 h - a potion of attraction {unknown}
 k - a potion of cancellation {unknown}
 m - a potion of resistance {unknown}

Dungeon Overview and Level Annotations

Branches:
Dungeon (1/15) Zot: 5564

Altars:

Shops:
D:1

?
.......#.........#
.............###.#
.........###.# #.#
.......#####.# #.#
.###.........# #.#
.############# #.#
.)...# .. #.# #
.###.# #K#.#.# ##
#.# #..@..#
####.#######
###.#......
............
..#######
.###........ ####
.# #........
†###########
#)....# #.###.#
#.#


You could see a kobold.


Message History

Unknown command.
You barely miss the rat. The rat bites you but does no damage.
You block the rat's attack.
You hit the rat.
You kill the rat!
There is an open door here.
l - a scroll labelled VOQOUMO TARIB No target in view!
Unknown command.
Key pressed, stopping explore.
A hobgoblin comes into view.
The hobgoblin shouts!
You hear an angry hiss.
A hobgoblin is nearby!
A hobgoblin is nearby!
A hobgoblin is nearby!
A hobgoblin is nearby!
You closely miss the hobgoblin. The hobgoblin closely misses you.
You closely miss the hobgoblin.
A goblin comes into view. It is wielding a +0 club.
The hobgoblin hits you.
The hobgoblin hits you but does no damage. 😕 HP[-3]
You take 3 damage, and now have 21/24 hp.
The goblin shouts!
You hit the hobgoblin.
You hear an angry hiss.
The hobgoblin hits you.
A frilled lizard comes into view. 😮 HP[-3]
You take 3 damage, and now have 18/24 hp.
You are too injured to fight recklessly!
You are too injured to fight recklessly!
You are too injured to fight recklessly!
You are too injured to fight recklessly!
There are monsters nearby!
Unknown command.
You are too injured to fight recklessly!
You hit the hobgoblin.
You kill the hobgoblin! 😕 HP[+2]
You regained 2 hp, and now have 20/24 hp.
The goblin hits you but does no damage.
You see here a hobgoblin corpse.
You slash the goblin!
You kill the goblin! 😕 HP[+2]
You regained 2 hp, and now have 22/24 hp.
Unknown command.
You barely miss the frilled lizard.
The frilled lizard barely misses you. 😎 HP[+2]
Your hp is fully restored (24).
You closely miss the frilled lizard. The frilled lizard bites you.
The frilled lizard bites you but does no damage. 😕 HP[-2]
You take 2 damage, and now have 22/24 hp.
You hit the frilled lizard.
You kill the frilled lizard! 😕 HP[+1] Unknown command.
Things that are here:
a +0 club; a frilled lizard corpse; 😎 HP[+1]
Your hp is fully restored (24).
No target in view!
You see here a hobgoblin corpse.
Key pressed, stopping explore.
Unknown command.
No target in view!
m - a smoky yellow potion You open the door.
A goblin comes into view. It is wielding a +0 club.
A goblin is nearby!
You slash the goblin!
You kill the goblin!
There is an open door here.
You see here a +0 club.
A bat comes into view.
A bat is nearby!
A bat is nearby!
The bat hits you but does no damage.
You miss the bat. The bat barely misses you.
You hit the bat but do no damage. The bat completely misses you.
The bat hits you but does no damage.
You closely miss the bat. You block the bat's attack.
The bat closely misses you.
You hit the bat.
You kill the bat!
You have reached level 3!
Your experience leads to an increase in your attributes!
Increase (S)trength, (I)ntelligence, or (D)exterity?
You feel agile. x2; Your demonic ancestry asserts itself...
A wave of death washes over you. 😎 HP[+5] MP[+1]
You now have 29 max hp (+5).
Your hp is fully restored (29).
Your mp is fully restored (3).
You open the door.
There is an open door here.
Key pressed, stopping explore.
A kobold comes into view. It is wielding a +0 short sword.
The kobold shouts!
Are you sure you want to abandon this character and quit the game? (Confirm with "yes".)

Skill      XL: |  1 |
---------------+----+-----
Shields        | 3 |  3.5
Long Blades    | 2 |  2.3
Fighting       | |  3.0
Armour         | |  2.6

Action                     || total
---------------------------++-------
  Melee: Long sword        ||    69
 Armour: Scale mail        ||    42
  Dodge: Dodged            ||    35
  Block: Buckler           ||    13

Levels and vault maps discovered:
D:1:      lightli_arrival_maybe_door_vault, layout_basic, serial_shops,
          nicolae_shop_tiny_statue_garden, minmay_tromino_v4_a

Notes
Turn   | Place    | Note
-------+----------+-------------------------------------------
     0 | D:1      | ytrimaz the Demonspawn Fighter began the quest for the Orb.
     0 | D:1      | Reached XP level 1. HP: 18/18 MP: 1/1
     0 | D:1      | magus.rc [v1.9.6]
    66 | D:1      | Reached skill level 3 in Shields
    74 | D:1      | Reached skill level 2 in Long Blades
    83 | D:1      | Gained mutation: You have sharp fingernails. [demonic
                  | ancestry]
    83 | D:1      | Reached XP level 2. HP: 24/24 MP: 2/2
   133 | D:1      | Found Saqusam's Magic Scroll Shoppe.
   210 | D:1      | You pick up a book of Conjurations and begin reading...
   210 | D:1      | You add the spells Magic Dart, Searing Ray and Fulminant
                  | Prism to your library.
   376 | D:1      | Gained mutation: You regenerate a little health from kills.
                  | [demonic ancestry]
   376 | D:1      | Reached XP level 3. HP: 29/29 MP: 3/3
   413 | D:1      | Quit the game

Vanquished Creatures
  A ball python (D:1)
  5 bats (D:1)
  5 endoplasms (D:1)
  A giant cockroach (D:1)
  2 hobgoblins (D:1)
  3 frilled lizards (D:1)
  4 goblins (D:1)
  2 kobolds (D:1)
  A rat (D:1)
24 creatures vanquished.

Table legend:
 A = Non-vault XP
 B = Vault XP
 C = Vault XP percentage of total XP
 D = Non-vault monster count
 E = Vault monster count
 F = Vault count percentage of total count
                 A         B        C        D         E       F
            +---------+---------+-------+---------+---------+-------
      Total |      38 |       4 |   9.5 |      21 |       3 |  12.5
            +---------+---------+-------+---------+---------+-------
        D:1 |      38 |       4 |   9.5 |      21 |       3 |  12.5
            +---------+---------+-------+---------+---------+-------

Skill      XL: |  1 |
---------------+----+-----
Shields        | 3 |  3.5
Long Blades    | 2 |  2.3
Fighting       | |  3.0
Armour         | |  2.6

Action                     || total
---------------------------++-------
  Melee: Long sword        ||    69
 Armour: Scale mail        ||    42
  Dodge: Dodged            ||    35
  Block: Buckler           ||    13

Illustrated notes

Table legend:
 A = Kills in this place as a percentage of kills in the entire game.
 B = Kills by you in this place as a percentage of kills by you in the entire game.
 C = Kills by friends in this place as a percentage of kills by friends in the entire game.
 D = Other kills in this place as a percentage of other kills in the entire game.
 E = Experience gained in this place as a percentage of experience gained in the entire game.
 F = Experience gained in this place divided by the number of levels of this place that you have seen.
                   A       B       C       D       E      F
               +-------+-------+-------+-------+-------+----------------------
         Total | 100.0 | 100.0 |   N/A |   N/A | 100.0 |  42.0
       Dungeon | 100.0 | 100.0 |   N/A |   N/A | 100.0 |  42.0
               +-------+-------+-------+-------+-------+----------------------

Table legend: (Time is in decaauts)
 A = Elapsed time spent in this place.
 B = Non-inter-level travel time spent in this place.
 C = Inter-level travel time spent in this place.
 D = Time resting spent in this place.
 E = Time spent auto-exploring this place.
 F = Levels seen in this place.
 G = Mean time per level.
                   A        B        C        D        E       F      G
               +--------+--------+--------+--------+--------+-----+--------+
         Total |    436 |    436 |      0 |      0 |    281 |   1 |  436.0 |
       Dungeon |    436 |    436 |      0 |      0 |    281 |   1 |  436.0 |
               +--------+--------+--------+--------+--------+-----+--------+

Top non-repeatable levels by time:
     D:1: 436 daAuts
